 Dungeon Crawl Stone Soup version 0.29-a0-1009-g60c99734e7 (webtiles) character file.

Game seed: 12117518637887595702

124978 RaHiT the Severer (level 16, -50/157 HPs)
             Began as a Hill Orc Fighter on Aug 7, 2022.
             Was a Believer of Ru.
             Killed from afar by a deep elf annihilator (75 damage)
             ... with a crystal spear
             ... on level 1 of the Elven Halls on Aug 8, 2022.
             The game lasted 02:19:00 (29884 turns).

RaHiT the Severer (Hill Orc Fighter)               Turns: 29884, Time: 02:19:01

Health: -50/157    AC: 29    Str: 25    XL:     16   Next: 94%
Magic:  18/18      EV:  1    Int: 10    God:    Ru [**....]
Gold:   2429       SH:  8    Dex: 10    Spells: 15/15 levels left

rFire   . . .      SeeInvis .   a - +2 broad axe (flame)
rCold   + . .      Faith    .   c - +0 kite shield {reflect}
rNeg    . . .      Spirit   .   J - +1 plate armour {rC+}
rPois   +          Reflect  +   n - +0 helmet
rElec   .          Harm     .   Q - +2 cloak {rPois}
rCorr   .          Rampage  .   W - +2 pair of gloves
Will    ++...                   h - +0 pair of boots
Stlth   ..........              k - amulet of regeneration
HPRegen 1.16/turn               m - +4 ring of slaying
MPRegen 0.16/turn               L - ring of willpower

@: studying Evocations
A: screaming 1, no stealth, reduced EV 1
a: Renounce Religion


You were on level 1 of the Elven Halls.
You worshipped Ru.
Ru was pleased with you.
You visited 5 branches of the dungeon, and saw 24 of its levels.
You also visited: Ice Cave.

You collected 2429 gold pieces.

Inventory:

Hand Weapons
 a - a +2 broad axe of flaming (weapon)
Missiles
 s - 7 curare-tipped darts
 A - a throwing net
 G - a silver boomerang
 K - 9 javelins (quivered)
Armour
 c - a +0 kite shield of reflection (worn)
 h - a +0 pair of boots (worn)
 n - a +0 helmet (worn)
 J - a +1 plate armour of cold resistance (worn)
 M - a +2 cloak of preservation
 Q - a +2 cloak of poison resistance (worn)
 W - a +2 pair of gloves (worn)
Jewellery
 k - an amulet of regeneration (around neck)
 m - a +4 ring of slaying (left hand)
 F - the ring of Pride {Wiz rPois rC+ Str+7 Dex-3}
   (You found it in an ice cave)

   [ring of wizardry]

   It improves your spell success rate.
   Str:       It affects your strength (+7).
   Dex:       It affects your dexterity (-3).
   rC:        It protects you from cold.
   rPois:     It protects you from poison.
 L - a ring of willpower (right hand)
 P - a ring of see invisible
 X - a ring of flight
Wands
 l - a wand of flame (29)
 o - a wand of polymorph (4)
 p - a wand of digging (11)
 t - a wand of iceblast (9)
 y - a wand of charming (41)
 O - a wand of mindburst (29)
 T - a wand of light (13)
Scrolls
 e - 3 scrolls of enchant armour
 f - 4 scrolls of summoning
 g - 5 scrolls of magic mapping
 q - 2 scrolls of butterflies
 v - 8 scrolls of poison
 x - 9 scrolls of teleportation
 D - a scroll of brand weapon
 E - 2 scrolls of vulnerability
 R - 2 scrolls of immolation
 S - 4 scrolls of blinking
 Z - a scroll of fear
Potions
 b - 2 potions of cancellation
 d - 4 potions of might
 i - 7 potions of curing
 r - a potion of ambrosia
 u - 5 potions of haste
 w - 4 potions of brilliance
 B - 7 potions of heal wounds
 H - 6 potions of lignification
 N - 3 potions of flight
 U - a potion of magic {unknown}
 V - 2 potions of berserk rage
 Y - a potion of invisibility {unknown}
Miscellaneous
 z - a lightning rod (4/4)
 C - a phantom mirror
 I - a phial of floods


   Skills:
 * Level 18.1 Fighting
 * Level 19.4 Axes
 + Level 9.7 Throwing
 * Level 16.8 Armour
 - Level 4.0 Shields
 + Level 3.6 Invocations
 + Level 12.7 Evocations


You had 15 spell levels left.
You didn't know any spells.
Your spell library contained the following spells:

 Spells                   Type           Power      Damage    Failure   Level
 Foxfire                  Conj/Fire      0%         2x1d4     100%        1
 Sandblast                Erth           0%         2d4       100%        1
 Call Canine Familiar     Summ           0%         N/A       100%        3
 Conjure Flame            Conj/Fire      0%         6-21      100%        3
 Inner Flame              Hex/Fire       0%         N/A       100%        3
 Ozocubu's Armour         Ice            0%         N/A       100%        3
 Portal Projectile        Hex/Tloc       0%         N/A       100%        3
 Animate Dead             Necr           0%         N/A       100%        4
 Flame Wave               Conj/Fire      0%         2d4       100%        4
 Fulminant Prism          Conj/Hex       0%         3d6       100%        4
 Hailstorm                Conj/Ice       0%         3d3       100%        4
 Ice Form                 Ice/Tmut       0%         N/A       100%        4
 Iskenderun's Mystic Bla  Conj/Tloc      0%         2d3       100%        4
 Leda's Liquefaction      Hex/Erth       0%         N/A       100%        4
 Borgnjor's Vile Clutch   Necr/Erth      0%         N/A       100%        5
 Fireball                 Conj/Fire      0%         3d3       100%        5
 Iskenderun's Battlesphe  Conj           0%         2d6       100%        5
 Lee's Rapid Deconstruct  Erth           0%         3d5*      100%        5
 Conjure Ball Lightning   Conj/Air       0%         3x3d6     100%        6
 Death Channel            Necr           0%         N/A       100%        6
 Simulacrum               Ice/Necr       0%         N/A       100%        6
 Starburst                Conj/Fire      0%         6d3       100%        6
 Orb of Destruction       Conj           0%         9d5       100%        7
 Ozocubu's Refrigeration  Ice            0%         4d7       100%        7
 Chain Lightning          Conj/Air       0%         N/A       100%        9
 Fire Storm               Conj/Fire      0%         5d1       100%        9
 Shatter                  Erth           0%         3d5*      100%        9


Dungeon Overview and Level Annotations

Branches:
Dungeon (15/15)            Temple (1/1) D:5            Lair (5/5) D:9
  Swamp (0/4) Lair:3       Spider (0/4) Lair:3        Slime (0/5) Lair:4
    Orc (2/2) D:9             Elf (1/3) Orc:2        Vaults (0/5) D:14
 Depths (0/4) D:15          IceCv (visited)

Altars:
Ashenzari
Cheibriados
Dithmenos
Elyvilon
Fedhas
Gozag
Hepliaklqana
Kikubaaqudgha
Makhleb
Nemelex Xobeh
Okawaru
Qazlal
Ru
Sif Muna
Trog
Uskayaw
Vehumet
Wu Jian
Xom
Yredelemnul
Zin
The Shining One

Shops:
D:4 :   D:6 (   D:10 :   Orc:1 ?   Orc:2 *=?(

Annotations:
D:8 3 runed translucent doors, anet's ghost, novice DsGl
Lair:4 1 runed translucent door


Innate Abilities, Weirdness & Mutations

You occasionally shout uncontrollably at your foes.
You cannot be stealthy.
You have somewhat slow reflexes. (EV -5)


Message History

You block the deep elf zephyrmancer's attack.
The deep elf zephyrmancer gestures wildly while chanting.
The deep elf zephyrmancer blinks!
You slice the deep elf zephyrmancer!! You burn the deep elf zephyrmancer!
The deep elf zephyrmancer is severely wounded.
The deep elf annihilator casts a spell.
The deep elf annihilator blinks!
The deep elf zephyrmancer hits you with a +0 dagger.
You slash the deep elf annihilator! You burn the deep elf annihilator.
The deep elf annihilator is moderately wounded.
You slash the deep elf zephyrmancer! You burn the deep elf zephyrmancer.
You closely miss the deep elf annihilator.
The deep elf annihilator is moderately wounded.
You closely miss the deep elf zephyrmancer.
The deep elf annihilator gestures wildly while chanting.
The deep elf annihilator blinks!
The deep elf zephyrmancer casts a spell.
The deep elf zephyrmancer blinks!
You slice the deep elf zephyrmancer!! You burn the deep elf zephyrmancer.
You kill the deep elf zephyrmancer!
The deep elf annihilator casts a spell at you.
The crystal spear hits you!!
The deep elf zephyrmancer mumbles some strange words.
The deep elf zephyrmancer blinks!
The deep elf pyromancer hits you but does no damage.
Things that are here:
a +0 long sword; a +0 leather armour The deep elf annihilator casts a spell at you.
The iron shot hits you!!!
* * * LOW HITPOINT WARNING * * *
The deep elf zephyrmancer casts a spell.
The deep elf zephyrmancer blinks!
The deep elf pyromancer hits you but does no damage.
You see here a scroll of identify.
You slash the deep elf pyromancer! You burn the deep elf pyromancer.
The deep elf pyromancer is moderately wounded.
You slash the deep elf annihilator! You burn the deep elf annihilator.
The deep elf annihilator points at you and mumbles some strange words.
The crystal spear hits you!!!!
You die...

##.######..#
#.#......^
#..ยง#.# ##
#.....#.. .
#...###. ..
#...# . ../
#.#e#.#..#
#..e#...##:
#.#@'...'.:
#.)e#...##/
#.#.#.#..#
#.#.# e ...
#.#.# #. ..
#.#.. .. .
#.#.#. ##
#......
####. ..


You could see a deep elf annihilator, a deep elf pyromancer and a deep elf
zephyrmancer.

Vanquished Creatures
  A sphinx (D:15)
  Donald (Orc:2)
  2 fire giants (D:15)
  A reaper (IceCv)
  The ghost of Hagrun the Tainter, a journeyman OpVM of Vehumet (Orc:1)
  A deep elf high priest (D:15)
  2 fire dragons (D:15)
  A yaktaur captain (D:15)
  11 boulder beetles
  9 hydras
  A great orb of eyes (D:14)
  9 ogre magi
  An ice dragon (Orc:1)
  A merfolk avatar (Lair:5)
  2 catoblepae (D:15)
  14 centaur warriors
  16 two-headed ogres
  4 death yaks (Lair:4)
  Urug (D:12)
  2 dancing weapons (Elf:1)
  Sonja (D:10)
  5 tengu warriors
  2 deep elf knights (Elf:1)
  4 skeletal warriors (D:12)
  A fire crab (shapeshifter) (D:15)
  A deep troll (shapeshifter) (D:15)
  10 deep elf pyromancers
  7 deep elf zephyrmancers
  3 harpies (Lair:5)
  6 ugly things
  3 orc sorcerers (D:9)
  A wolf spider (D:15)
  6 orc knights (D:15)
  8 manticores
  14 cyclopes
  Maurice (D:12)
  5 black mambas
  11 elephants
  An ice statue (IceCv)
  Maggie (D:10)
  8 cane toads
  Psyche (D:11)
  5 yaktaurs (D:14)
  A rime drake (shapeshifter) (D:14)
  An anaconda simulacrum (IceCv)
  2 unseen horrors
  3 efreet
  2 rime drakes
  7 komodo dragons
  4 freezing wraiths
  4 tengu conjurers
  4 polar bears
  4 trolls
  2 meliai (D:15)
  A wind drake (Lair:5)
  A polar bear (shapeshifter) (D:13)
  A tarantella (shapeshifter) (D:14)
  5 hornets
  A hornet (shapeshifter) (D:15)
  12 slime creatures
  14 blink frogs
  A centaur simulacrum (D:15)
  5 culicivoras (Lair:3)
  2 shadows
  5 wyverns
  20 yaks
  A dire elephant simulacrum (IceCv)
  A wraith (D:13)
  A fire elemental (Elf:1)
  Eustachio (D:4)
  6 basilisks
  4 vampire mosquitoes (D:11)
  5 steam dragons
  Edmund (D:4)
  A death yak simulacrum (IceCv)
  4 acid dragons
  A hydra simulacrum (IceCv)
  9 water moccasins
  A floating eye (shapeshifter) (D:15)
  14 orc warriors
  4 black bears
  3 sky beasts (D:9)
  4 ice beasts
  20 ogres
  A boggart (D:14)
  7 wolves
  7 centaurs
  A phantom (D:7)
  8 kobold brigands
  A necrophage (D:6)
  A gnoll sergeant (D:12)
  An earth elemental (Elf:1)
  10 bullfrogs
  2 scorpions
  A cane toad simulacrum (IceCv)
  6 two-headed ogre simulacra (IceCv)
  7 wights
  3 elephant simulacra (IceCv)
  A vampire bat (D:5)
  10 killer bees
  7 howler monkeys
  An electric eel (D:11)
  An iron imp (D:5)
  3 hounds
  A gnoll bouda (D:9)
  12 orc priests
  2 jellies
  16 orc wizards
  4 iguanas
  2 hell rats (Lair:2)
  6 spriggan simulacra (IceCv)
  3 troll simulacra (IceCv)
  A polar bear simulacrum (IceCv)
  3 wolf simulacra (IceCv)
  Robin (D:4)
  13 gnolls
  10 river rats (Lair:2)
  6 adders
  6 naga simulacra (IceCv)
  6 white imps
  10 ufetubi
  2 dart slugs
  3 fire bats (D:5)
  58 orcs
  2 spectral bats (D:5)
  3 bat skeletons (D:5)
  A bat zombie (D:5)
  9 endoplasms
  6 giant cockroaches
  10 goblins
  11 hobgoblins
  2 jackals (D:1)
  9 quokkas
  4 ball pythons
  15 bats
  A bat simulacrum (D:5)
  2 frilled lizards
  13 kobolds
  7 rats
708 creatures vanquished.

Vanquished Creatures (others)
  A centaur warrior (D:15)
  An ogre mage (D:15)
  2 wizards (D:15)
  An air elemental (Elf:1)
  22 fungi
  43 plants
70 creatures vanquished.

Grand Total: 778 creatures vanquished

Notes
Turn   | Place    | Note
-------+----------+-------------------------------------------
     0 | D:1      | RaHiT the Hill Orc Fighter began the quest for the Orb.
     0 | D:1      | Reached XP level 1. HP: 19/19 MP: 1/1
   153 | D:1      | Reached XP level 2. HP: 23/27 MP: 2/2
   156 | D:1      | Reached skill level 3 in Axes
   453 | D:1      | Reached XP level 3. HP: 33/33 MP: 3/3
  1330 | D:2      | Found a faded altar of an unknown god.
  1754 | D:2      | Reached XP level 4. HP: 40/40 MP: 4/4
  1916 | D:3      | Reached skill level 1 in Evocations
  2723 | D:3      | Reached skill level 4 in Axes
  2904 | D:4      | Noticed Eustachio
  2920 | D:4      | Killed Eustachio
  2921 | D:4      | Reached skill level 1 in Throwing
  2921 | D:4      | Reached XP level 5. HP: 37/47 MP: 5/5
  2921 | D:4      | Reached XP level 6. HP: 43/55 MP: 6/6
  3042 | D:4      | Found a sparkling altar of Nemelex Xobeh.
  3042 | D:4      | Noticed Robin
  3049 | D:4      | Killed Robin
  3070 | D:4      | Reached skill level 5 in Fighting
  3201 | D:4      | Found Rowkase's Self-Improvement Boutique.
  3301 | D:4      | Reached skill level 5 in Axes
  3642 | D:4      | Noticed Edmund
  3652 | D:4      | Killed Edmund
  3653 | D:4      | Reached skill level 5 in Armour
  3653 | D:4      | Reached XP level 7. HP: 55/61 MP: 7/7
  3828 | D:5      | Entered Level 5 of the Dungeon
  4052 | D:5      | Found a staircase to the Ecumenical Temple.
  4061 | Temple   | Entered the Ecumenical Temple
  4313 | D:5      | Reached skill level 6 in Axes
  4407 | D:5      | Reached XP level 8. HP: 25/70 MP: 8/8
  4846 | D:5      | Found a snail-covered altar of Cheibriados.
  5291 | D:6      | Reached skill level 7 in Axes
  5346 | D:6      | Found Haluaz's Antique Weapon Shoppe.
  5508 | D:6      | Reached XP level 9. HP: 37/79 MP: 9/9
  5871 | D:6      | Reached skill level 8 in Axes
  6736 | D:8      | Reached skill level 9 in Axes
  7068 | D:8      | Reached XP level 10. HP: 82/90 MP: 10/10
  7186 | D:8      | Noticed a ten-headed hydra
  7186 | D:8      | Noticed anet's ghost (novice DsGl)
  7187 | D:8      | Found a runed translucent gate.
  7187 | D:8      | Found a runed translucent gate.
  7187 | D:8      | Found a runed translucent gate.
  7568 | D:9      | Found a staircase to the Orcish Mines.
  7725 | D:9      | Noticed a two-headed ogre
  7742 | D:9      | Noticed a tengu warrior
  7743 | D:9      | Killed a two-headed ogre
  7746 | D:9      | Reached skill level 10 in Axes
  7754 | D:9      | Noticed a four-headed hydra
  8146 | D:8      | Killed a tengu warrior
  8147 | D:8      | Reached skill level 5 in Evocations
  8471 | D:9      | Killed a one-headed hydra
  8472 | D:9      | Reached skill level 10 in Fighting
  8522 | D:9      | Noticed an orc sorcerer
  8714 | D:9      | Killed an orc sorcerer
  8766 | D:9      | Noticed an orc sorcerer
  8771 | D:9      | Paralysed by an orc sorcerer for 5 turns
  8781 | D:9      | Noticed a sixfirhy
  8782 | D:9      | Noticed a rust devil
  8795 | D:9      | HP: 2/94 [sixfirhy[an orc sorcerer] (12)]
  9314 | D:9      | Killed an orc sorcerer
  9315 | D:9      | Reached skill level 11 in Axes
  9315 | D:9      | Reached XP level 11. HP: 91/101 MP: 11/11
  9350 | D:9      | Noticed a deep elf pyromancer
  9350 | D:9      | Noticed a two-headed ogre
  9401 | D:8      | Killed a two-headed ogre
  9402 | D:8      | Reached skill level 5 in Throwing
  9426 | D:9      | Killed a deep elf pyromancer
  9427 | D:9      | Reached skill level 10 in Armour
  9726 | D:9      | Identified the +9 chain mail of Fuupromp {rF- Regen+ Str+2
                  | Dex+5}
  9923 | D:9      | Noticed a cyclops
  9923 | D:9      | Noticed a purple ugly thing
  9945 | D:9      | Killed a cyclops
 10084 | D:9      | Killed a purple ugly thing
 10268 | D:9      | Reached skill level 12 in Axes
 10347 | D:9      | Noticed an orc sorcerer
 10348 | D:9      | Paralysed by an orc sorcerer for 4 turns
 10356 | D:9      | Killed an orc sorcerer
 10364 | D:9      | Found a shadowy altar of Dithmenos.
 10844 | D:9      | Found a staircase to the Lair.
 11351 | D:10     | Entered Level 10 of the Dungeon
 11362 | D:10     | Found a white marble altar of Elyvilon.
 11364 | D:10     | Found a burning altar of Makhleb.
 11365 | D:10     | Found a broken altar of Ashenzari.
 11365 | D:10     | Found a shimmering blue altar of Sif Muna.
 11365 | D:10     | Found a sacrificial altar of Ru.
 11365 | D:10     | Found a glowing golden altar of the Shining One.
 11366 | D:10     | Found a bloodstained altar of Trog.
 11383 | D:10     | Became a worshipper of Ru the Awakened
 11617 | D:10     | Noticed a five-headed hydra
 11620 | D:10     | Noticed Maggie
 11625 | D:10     | Killed a one-headed hydra
 11626 | D:10     | Reached XP level 12. HP: 93/112 MP: 12/12
 11631 | D:10     | Killed Maggie
 11760 | D:10     | Found Mynaug's Tremendous Tomes.
 11774 | D:10     | Noticed Sonja
 11777 | D:10     | Killed Sonja
 11867 | D:10     | Noticed a two-headed ogre
 12051 | D:11     | Noticed Psyche
 12068 | D:11     | Killed Psyche
 12097 | D:11     | Gained mutation: You cannot be stealthy. [Ru sacrifice]
 12213 | D:11     | Reached skill level 13 in Axes
 12531 | D:12     | Noticed Maurice
 12959 | D:12     | Noticed a centaur warrior
 12973 | D:12     | Killed a centaur warrior
 12978 | D:12     | Killed Maurice
 13684 | D:12     | Noticed Urug
 13694 | D:12     | Killed Urug
 13882 | D:12     | Noticed an eight-headed hydra
 13891 | D:12     | Killed a six-headed hydra
 14079 | D:12     | Reached skill level 14 in Axes
 14084 | D:12     | Reached XP level 13. HP: 53/122 MP: 13/13
 15198 | Lair:1   | Entered Level 1 of the Lair of Beasts
 16906 | Lair:3   | Reached skill level 15 in Axes
 17064 | Lair:3   | Identified a scroll of acquirement
 17064 | Lair:3   | Acquired a manual of Evocations
 17224 | Lair:3   | Found a staircase to the Swamp.
 18010 | Lair:3   | Found a hole to the Spider Nest.
 18286 | Lair:4   | Reached XP level 14. HP: 133/133 MP: 14/14
 18775 | Lair:4   | Found a runed translucent door.
 18799 | Lair:4   | Noticed an azure jelly
 18800 | Lair:4   | Found a staircase to the Slime Pits.
 18801 | Lair:4   | Noticed an azure jelly
 19382 | Lair:5   | Entered Level 5 of the Lair of Beasts
 19389 | Lair:5   | Identified the +10 falchion of Blood {vorpal, Int+6}
 19429 | Lair:5   | Reached skill level 15 in Fighting
 19429 | Lair:5   | Reached skill level 16 in Axes
 19806 | Lair:5   | Paralysed by a hornet for 2 turns
 21348 | D:14     | Reached skill level 10 in Evocations
 21756 | D:14     | Paralysed by a great orb of eyes for 5 turns
 21768 | D:14     | Paralysed by a great orb of eyes for 4 turns
 21798 | D:14     | Paralysed by an ogre mage for 3 turns
 22274 | D:14     | Reached skill level 17 in Axes
 22496 | D:14     | Reached XP level 15. HP: 143/143 MP: 15/15
 22497 | D:14     | Identified the +1 leather armour of Experimentation {rPois
                  | rC+ Will++ Dex-4}
 22670 | D:14     | Reached skill level 15 in Armour
 22761 | D:14     | Found a gate to the Vaults.
 23077 | D:14     | Found a shimmering blue altar of Sif Muna.
 23211 | D:15     | Entered Level 15 of the Dungeon
 23986 | D:15     | Found a shadowy altar of Dithmenos.
 23987 | D:15     | Found a burning altar of Makhleb.
 23987 | D:15     | Found a basalt altar of Yredelemnul.
 24808 | D:15     | Reached skill level 18 in Axes
 26231 | D:15     | Reached XP level 16. HP: 155/155 MP: 16/16
 26622 | D:15     | Noticed a sphinx
 27343 | D:15     | Found a staircase to the Depths.
 27505 | D:15     | Gained mutation: You have somewhat slow reflexes. (EV -5)
                  | [Ru sacrifice]
 27505 | D:15     | Reached * piety under Ru
 27505 | D:15     | Reached ** piety under Ru
 27518 | D:15     | Killed a sphinx
 27785 | D:15     | Upgraded the game from 0.29-a0-1008-g949cc1d0fb to
                  | 0.29-a0-1009-g60c99734e7
 27938 | Orc:1    | Entered Level 1 of the Orcish Mines
 27951 | Orc:1    | Found a frozen archway.
 27986 | IceCv    | Entered an ice cave
 28442 | IceCv    | Got Sif Muna's Vellum of the Arsonist and Silt
 28448 | IceCv    | Identified the ring of Pride {Wiz rPois rC+ Str+7 Dex-3}
 28596 | Orc:1    | Reached skill level 1 in Invocations
 28772 | Orc:1    | Found a runed translucent door.
 28773 | Orc:1    | Noticed Hagrun's ghost (journeyman OpVM)
 28787 | Orc:1    | Killed Hagrun's ghost
 29020 | Orc:1    | Found Pusmiuk's Magic Scroll Emporium.
 29037 | Orc:2    | Entered Level 2 of the Orcish Mines
 29047 | Orc:2    | Noticed Donald
 29050 | Orc:2    | Found a staircase to the Elven Halls.
 29060 | Orc:2    | Killed Donald
 29079 | Orc:2    | Reached skill level 19 in Axes
 29463 | Orc:2    | Found Lufem's Jewellery Emporium.
 29463 | Orc:2    | Found Buhex's General Store.
 29467 | Orc:2    | Found Mapnuf's Weapon Shop.
 29467 | Orc:2    | Found Ukhorasu's Magic Scroll Emporium.
 29595 | Orc:2    | Found a bloodstained altar of Trog.
 29647 | Elf:1    | Entered Level 1 of the Elven Halls
 29675 | Elf:1    | Gained mutation: You occasionally shout uncontrollably at
                  | your foes. [Ru sacrifice]
 29739 | Elf:1    | Paralysed by an air elemental for 1 turns
 29884 | Elf:1    | Killed from afar by a deep elf annihilator

Illustrated notes

Levels and vault maps discovered:
D:1:      dpeg_arrival_round_a, layout_loops_cross
D:2:      layout_loops_ring, shapermc_ecumenical_altar_starsandcircs,
          minmay_worlds_worst_comb
D:3:      layout_loops_corners, kennysheep_donut
D:4:      layout_loops_corners, nemelex_diamond_rough_becter,
          nicolae_shop_self_help, uniq_eustachio, uniq_edmund, uniq_robin
D:5:      layout_loops_corners, slow_altar_2, minmay_temple_entry_butterflies,
          reono_crystal_passage, goddamned_bats
D:6:      layout_basic, serial_shops, nicolae_shop_trees
D:7:      layout_basic
D:8:      layout_loops_ring, gammafunk_ghost_hydra_chop
D:9:      minmay_the_grid_net [minmay_the_grid_tri_star,
          minmay_the_grid_minigrid_small, minmay_the_grid_gridbox,
          minmay_the_grid_expand, minmay_the_grid_minigrid_medium,
          minmay_the_grid_prize_shrinking_boxes], layout_basic,
          nicolae_dithmenos_shadow_blocks, david_lair_generic,
          hangedman_misty_isle
D:10:     layout_gridville, grunt_temple_overflow_open,
          nicolae_shop_i_like_big_books, uniq_sonja, uniq_maggie
D:11:     layout_basic, uniq_psyche
D:12:     layout_irregular_city, uniq_maurice, uniq_urug
D:13:     layout_loops_cross
D:14:     layout_loops_ring, hangedman_vaults_entry_quadrant_bands,
          nicolae_sif_muna_condensation, nzn_random_ring
D:15:     hangedman_slaughterboxes
Temple:   nicolae_temple_x_marks_the_god
Lair:1:   layout_gridlike
Lair:2:   layout_cellular_growth, chequers_serial_rivers_marsh,
          kennysheep_rathole, grunt_megastairs_3
Lair:3:   layout_roguey, swamp_mist, hellmonk_spider_entry_life_and_decay,
          st_stairs_13, grunt_megastairs_1
Lair:4:   layout_gridlike, slime_entry_2, serial_rivers,
          chequers_serial_rivers_small_a, chequers_serial_rivers_large_a,
          chequers_serial_rivers_small_3, chequers_serial_rivers_micro_d,
          chequers_serial_rivers_small_a, chequers_serial_rivers_large_b
Lair:5:   gammafunk_lair_ancient_temple, layout_cave_shapes
Orc:1:    layout_caves, portal_ice_cave_entry_animals_and_master,
          gammafunk_ghost_grave, serial_shops, nicolae_shop_window_shopping,
          nicolae_orc_rockfall
Orc:2:    st_orc_ogre_mass, layout_caves, basic_altar, uniq_donald
Elf:1:    eino_elf_arrival_shootout, layout_gridlike, minmay_elf_annihilation

Skill      XL: |  1  2  3  4  5  6  7  8  9 10 11 12 13 14 15 16 |
---------------+-------------------------------------------------+-----
Axes           | 3 4 5 6 7 9 11 12 14 15 17 18 19 | 19.4
Fighting       | 4 5 6 7 9 10 12 13 14 15 17 18 | 18.1
Evocations     | 1 2 3 4 5 6 7 8 10 11 12 | 12.7
Armour         | 4 5 6 8 9 11 12 13 14 15 16 | 16.8
Throwing       | 1 2 3 4 5 6 7 8 9 |  9.7
Shields        | 4 |  4.0
Invocations    | 3 |  3.6

Action                   |  1- 3 |  4- 6 |  7- 9 | 10-12 | 13-15 | 16-18 || total
-------------------------+-------+-------+-------+-------+-------+-------++-------
Melee: War axe           |   118 |   111 |   302 |    48 |       |       ||   579
       Hand axe          |       |       |       |   358 |       |       ||   358
       Broad axe         |       |       |       |   126 |   911 |   402 ||  1439
Throw: Dart              |     1 |    13 |    10 |    53 |    74 |    10 ||   161
       Javelin           |       |     3 |    20 |    15 |    26 |     4 ||    68
       Boomerang         |       |       |       |     1 |       |       ||     1
       Throwing net      |       |       |       |     1 |       |       ||     1
Invok: Sacrifice Stealth |       |       |       |     1 |       |       ||     1
       Reject Sacrifices |       |       |       |       |     1 |       ||     1
       Sacrifice Purity  |       |       |       |       |       |     1 ||     1
       Sacrifice Health  |       |       |       |       |       |     1 ||     1
Evoke: Wand              |       |       |       |     8 |     1 |     1 ||    10
  Use: Scroll            |     3 |     3 |     3 |     8 |    10 |     4 ||    31
       Potion            |       |     1 |     2 |     1 |     1 |     2 ||     7
 Stab: Petrified         |       |       |       |       |     4 |       ||     4
       Distracted        |       |       |       |       |     2 |       ||     2
       Petrifying        |       |       |       |       |     1 |       ||     1
Armor: Scale mail        |    50 |    47 |     7 |       |       |       ||   104
       Chain mail        |       |       |   160 |       |       |       ||   160
       Plate armour      |       |       |     3 |   305 |   534 |   189 ||  1031
Dodge: Dodged            |    58 |    50 |   146 |   306 |   446 |    39 ||  1045
Block: Buckler           |    22 |    21 |    62 |   114 |   136 |    35 ||   390
       Kite shield       |       |       |       |       |       |    31 ||    31
       Reflection        |       |       |       |       |       |     1 ||     1

Table legend: (Time is in decaauts)
 A = Elapsed time spent in this place.
 B = Non-inter-level travel time spent in this place.
 C = Inter-level travel time spent in this place.
 D = Time resting spent in this place.
 E = Time spent auto-exploring this place.
 F = Levels seen in this place.
 G = Mean time per level.
                   A        B        C        D        E       F      G
               +--------+--------+--------+--------+--------+-----+--------+
         Total |  29785 |  28555 |   1230 |   7802 |   7553 |  25 | 1191.4 |
       Dungeon |  22456 |  21441 |   1015 |   6765 |   4792 |  15 | 1497.1 |
        Temple |     55 |     55 |      0 |      0 |      0 |   1 |   55.0 |
          Lair |   5386 |   5215 |    171 |    941 |   2761 |   5 | 1077.2 |
  Orcish Mines |   1154 |   1110 |     44 |     89 |      0 |   2 |  577.0 |
   Elven Halls |    226 |    226 |      0 |      0 |      0 |   1 |  226.0 |
      Ice Cave |    506 |    506 |      0 |      6 |      0 |   1 |  506.0 |
               +--------+--------+--------+--------+--------+-----+--------+

Top non-repeatable levels by time:
    D:15: 4122 daAuts
    D:14: 2639 daAuts
     D:9: 2489 daAuts
     D:8: 2155 daAuts
    D:12: 1451 daAuts
  Lair:4: 1374 daAuts
  Lair:3: 1330 daAuts
     D:5: 1228 daAuts
  Lair:5: 1124 daAuts
    D:11: 1083 daAuts
     D:1: 1035 daAuts
    D:13: 1013 daAuts
     D:3: 1005 daAuts
     D:6: 1004 daAuts
     D:4: 945 daAuts
